Map: Prüfung von Aiur LE

Players

gnafetgnaf

  • Race: Zerg Zerg
  • League: Diamond
  • Spawn Location: 11:00

Panda - Winner!

  • Race: Zerg Zerg
  • League: Diamond
  • Spawn Location: 5:00

VOD

Have the link to the VOD?

Description

Time

  • Played on: Sept. 9, 2017, 5:38 p.m.
  • Length: 6:45
Show
View Real Time Build Order
Export as new Build Order

gnafetgnaf Zerg 

Build Orders: Hatch First 

Get SALT Encoding   

  12  0:01  Drone  
  13  0:13  Overlord  
  13  0:21  Drone  
  14  0:31  Drone  
  14  0:32  Drone  
  16  0:35  Drone  
  17  0:52  Hatchery  
  17  0:55  Drone  
  17  1:01  Drone  
  18  1:09  Extractor  
  17  1:15  Spawning Pool  
  17  1:17  Drone  
  17  1:22  Drone  
  18  1:29  Drone  
  20  1:40  Drone  
  20  1:54  Overlord  
  20  2:04  Zergling x2  
  20  2:05  Spine Crawler, Zergling x2  
  20  2:07  Spine Crawler  
  20  2:11  Spine Crawler  
  20  2:12  Spine Crawler  
  18  2:17  Zergling x2  
  19  2:28  Zergling x4  
  8  3:12  Drone x2  
  9  3:23  Drone x2  
  11  3:35  Drone  
  11  3:38  Queen  
  7  4:01  Drone x2  
  9  4:22  Drone x2  
  11  4:27  Roach Warren  
  10  4:31  Drone  
  5  4:44  Drone  
  6  4:50  Spine Crawler  
  6  4:51  Drone  
  6  5:05  Drone  
  7  5:16  Drone  
  8  5:30  Drone  
  4  6:07  Drone  
Show
View Real Time Build Order
Export as new Build Order

Panda Zerg - Winner!

Build Orders: Pool Only, Zergling Baneling 

Get SALT Encoding   

  12  0:01  Drone  
  13  0:16  Extractor  
  12  0:24  Spawning Pool  
  12  0:28  Drone  
  12  0:32  Drone  
  13  0:37  Drone  
  14  0:46  Overlord  
  14  1:10  Zergling x2  
  14  1:11  Zergling x4  
  16  1:14  Queen  
  19  1:24  Metabolic Boost  
  19  1:28  Zergling x2  
  20  1:33  Zergling x2  
  21  1:44  Baneling Nest  
  20  1:47  Zergling x2  
  21  1:56  Overlord  
  21  2:04  Zergling x2  
  23  2:15  Zergling x2  
  23  2:25  Zergling x6  
  23  2:29  Baneling x2  
  26  2:41  Baneling x2  
  26  2:47  Zergling x4  
  28  2:54  Zergling x4  
  26  3:08  Zergling x6  
  28  3:14  Baneling  
  28  3:15  Baneling x2  
  28  3:24  Baneling  
  28  3:26  Zergling x2  
  29  3:38  Zergling x2  
  28  3:49  Zergling x2  
  28  3:52  Baneling x2  
  29  4:02  Zergling x2  
  30  4:03  Overlord  
  30  4:09  Baneling x2  
  30  4:19  Overlord x2  
  24  4:41  Zergling x4  
  24  4:43  Baneling x2  
  24  4:45  Zergling x2  
  25  5:01  Baneling x2  
  25  5:02  Zergling x2  
  22  5:33  Zergling x10  
  25  5:40  Baneling x2  
  24  5:50  Zergling x8  
  26  6:06  Zergling x2  
  26  6:09  Baneling  
  26  6:10  Baneling x2  
  26  6:15  Zergling x6  
  26  6:16  Zergling x2  
Tags
 
Add a new tag
Caveats
  • Supply blocks, unpowered buildings, or Contaminate may cause inaccurate times.
  • Supply counts are checked every 10 seconds.